 Dungeon Crawl Stone Soup version 0.29.0-4-gdea44cf6ec (webtiles) character file.

Game seed: 4597581689644791839

50 qw the Chopper (level 3, 0/21 HPs)
             Began as a Tengu Warper on Aug 28, 2022.
             Slain by an orc priest
             ... wielding a +1 short sword of speed
              (6 damage)
             ... on level 3 of the Dungeon.
             The game lasted 00:00:10 (1944 turns).

qw the Chopper (Tengu Warper)                       Turns: 1944, Time: 00:00:10

Health: 0/21       AC: 10    Str: 13    XL:     3   Next: 79%
Magic:  7/7        EV: 12    Int: 13    God:
Gold:   98         SH:  0    Dex: 13    Spells: 6/6 levels left

rFire   + . .      SeeInvis .   Y - +0 hand axe (protect)
rCold   + . .      Faith    .   (no shield)
rNeg    . . .      Spirit   .   b - +0 leather armour
rPois   .          Reflect  .   (helmet restricted)
rElec   .          Harm     .   f - scarf {rC+ rF+}
rCorr   .          Rampage  .   (no gloves)
Will    .....                   (boots unavailable)
Stlth   +.........              (no amulet)
HPRegen 0.07/turn               (no ring)
MPRegen 0.10/turn               (no ring)

@: under a protective aura
A: beak, talons 3
a: no special abilities


You were on level 3 of the Dungeon.
You visited 1 branch of the dungeon, and saw 3 of its levels.

You collected 98 gold pieces.


Innate Abilities, Weirdness & Mutations

You have a beak for a mouth.
You have claws for feet.


   Skills:
 - Level 2.0 Fighting
 + Level 4.4 Axes
 - Level 1.0 Throwing
 - Level 1.1 Armour
 - Level 2.1 Dodging
 - Level 2.0 Spellcasting
 - Level 2.4 Translocations


You had 6 spell levels left.
You didn't know any spells.
Your spell library contained the following spells:

 Spells                   Type           Power      Damage    Failure   Level
 Blink                    Tloc           14%        N/A       19%         2
 Gell's Gravitas          Tloc           7%         N/A       36%         3
 Lesser Beckoning         Tloc           7%         N/A       36%         3
 Teleport Other           Tloc           7%         N/A       36%         3
 Manifold Assault         Tloc           7%         N/A       98%         5

Inventory:

Hand Weapons
 i - a +0 mace
 Y - a +0 hand axe of protection (weapon)
Armour
 b - a +0 leather armour (worn)
 f - a scarf of resistance (worn)
Scrolls
 c - a scroll of identify
Potions
 d - a potion of cancellation
 g - a potion of ambrosia {unknown}
 h - a potion of curing {unknown}

Dungeon Overview and Level Annotations

Branches:
Dungeon (3/15)

Altars:


Message History

Where to? (* - list waypoints, Enter - D:2, ? - help)
What level of the Dungeon? (default 1, ? - help)
You see here a frilled lizard corpse.
Things that are here:
a +0 club; a goblin skeleton
There is a stone staircase leading down here.
You climb downwards.
You hear the sound of rushing water.
There is an entrance to a sewer on this level.
Hurry and find it before the portal rusts away!
The orc shouts!
The orc priest shouts!
Found a short sword, a glowing onyx ring and 11 gold pieces.
There is a stone staircase leading up here.
There are monsters nearby!
Existing waypoints: (1) D:2 (2) D:1 Assign waypoint to what number? (0-9, D - delete waypoint) Waypoint 2 re-assigned from D:1 to D:3.
1940 ||| PLANNING SEWER The orc shouts!
You hit the orc priest but do no damage.
Your weapon exudes an aura of protection.
Your kick misses the orc priest. Your peck misses the orc priest.
The bat hits the bush but does no damage. x2
The orc priest looks satisfied for a moment.
You hit the orc priest but do no damage.
You claw the orc priest, but do no damage.
The orc priest hits you but does no damage.
You hit the orc priest but do no damage.
Your peck misses the orc priest. You hit the orc but do no damage.
You hit the bat.
You kill the bat!
The orc priest invokes the aid of Beogh against you.
Beogh smites you!
Ouch! That really hurt!
The orc barely misses you.
You hit the orc priest but do no damage.
You hit the orc but do no damage. The orc priest barely misses you.
The orc barely misses you.
The orc priest hits you with a +1 short sword of speed.
You die...

#.# #$# ... #=#
#.# #.# #
#######.#.#.#
#.....<@o...#
#..#..Poo#.#....
#.PPP.# # #
.)...77o. #.P.7
P..P .. #. 7..P7
. # ...P7 ##..P


You could see an orc priest and 3 orcs.

Vanquished Creatures
  An adder (D:2)
  5 bats
  6 endoplasms
  2 giant cockroaches (D:1)
  5 goblins
  6 hobgoblins
  A ball python (D:1)
  6 frilled lizards
  4 kobolds
  2 rats
38 creatures vanquished.

Notes
Turn   | Place    | Note
-------+----------+-------------------------------------------
     0 | D:1      | qw the Tengu Warper began the quest for the Orb.
     0 | D:1      | Reached XP level 1. HP: 12/12 MP: 4/4
     0 | D:1      | 0 ||| qw: Version: 0.1-a-89-g26bdef1
     0 | D:1      | 0 ||| qw: Game counter: 432
     0 | D:1      | 0 ||| qw: Always use a shield: true
     0 | D:1      | 0 ||| qw: God list: Okawaru
     0 | D:1      | 0 ||| qw: Allow faded altars: false
     0 | D:1      | 0 ||| qw: Do Orc after D:15 true
     0 | D:1      | 0 ||| qw: Do second Lair branch before Depths: true
     0 | D:1      | 0 ||| qw: Lair rune preference: random
     0 | D:1      | 0 ||| qw: Plans: Normal
     0 | D:1      | 0 ||| PLANNING D:1-11
    70 | D:1      | Reached XP level 2. HP: 14/17 MP: 6/6
    71 | D:1      | Reached skill level 3 in Axes
   113 | D:1      | 113 ||| Stepping ~*~*~tactically~*~*~ (stealth).
   564 | D:1      | 564 ||| DROPPING +0 club.
   787 | D:1      | 787 ||| READING scroll labelled OVVOW NISIGGIOFA.
   788 | D:1      | 788 ||| READING scroll labelled HUNAER QUSO.
   793 | D:1      | 793 ||| READING scroll labelled USTISU KIFILAF.
   794 | D:1      | 794 ||| READING scroll labelled IDEAGE QUCRUTI.
   795 | D:1      | 795 ||| DROPPING scroll of blinking.
   940 | D:2      | Reached XP level 3. HP: 21/21 MP: 7/7
  1199 | D:2      | Reached skill level 4 in Axes
  1229 | D:2      | Found a faded altar of an unknown god.
  1498 | D:2      | 1498 ||| Stepping ~*~*~tactically~*~*~ (stealth).
  1500 | D:2      | 1500 ||| Stepping ~*~*~tactically~*~*~ (stealth).
  1502 | D:2      | 1502 ||| Stepping ~*~*~tactically~*~*~ (stealth).
  1774 | D:2      | 1774 ||| UPGRADING to scarf of resistance.
  1779 | D:2      | 1779 ||| READING scroll labelled RUKHLO IDEXOS.
  1780 | D:2      | 1780 ||| READING scroll labelled WOELIL XEIFETT.
  1908 | D:2      | 1908 ||| READING 2 scrolls of identify.
  1908 | D:2      | 1908 ||| IDENTIFYING emerald potion
  1940 | D:3      | 1940 ||| PLANNING SEWER
  1944 | D:3      | Slain by an orc priest

Levels and vault maps discovered:
D:1:      wander_arrival_estate, layout_basic, chequers_avenue
D:2:      layout_basic, hellmonk_ecumenical_altar_blasted
D:3:      kb_forest_paths, layout_basic, mainiacjoe_overflow_small_starburst,
          amcnicky_altar_gilded, gup_sewer_entry_pipe, serial_forest,
          infiniplex_forest_lined_corner, infiniplex_forest_lined_corner,
          infiniplex_forest_corner_1, infiniplex_forest_clump_double,
          minivault_4

Skill      XL: |  1  2  3 |
---------------+----------+-----
Axes           | 3 4 |  4.4
Fighting       | |  2.0
Throwing       | |  1.0
Armour         | |  1.1
Dodging        | |  2.1
Spellcasting   | |  2.0
Translocations | |  2.4

Action                   || total
-------------------------++-------
Melee: Hand axe          ||    85
       Kick              ||    15
       Peck              ||     9
Throw: Boomerang         ||     7
  Use: Scroll            ||     7
Armor: Leather armour    ||    23
Dodge: Dodged            ||    32

Table legend:
 A = Non-vault XP
 B = Vault XP
 C = Vault XP percentage of total XP
 D = Non-vault monster count
 E = Vault monster count
 F = Vault count percentage of total count
                 A         B        C        D         E       F
            +---------+---------+-------+---------+---------+-------
      Total |      72 |       0 |   0.0 |      38 |       0 |   0.0
            +---------+---------+-------+---------+---------+-------
        D:1 |      24 |       0 |   0.0 |      15 |       0 |   0.0
        D:2 |      47 |       0 |   0.0 |      22 |       0 |   0.0
        D:3 |       1 |       0 |   0.0 |       1 |       0 |   0.0
            +---------+---------+-------+---------+---------+-------
